 Dungeon Crawl Stone Soup version 0.23-a0-180-ga5275e7 (webtiles) character file.

49 Merlin the Skirmisher (level 3, 0/24 HPs)
             Began as a Gargoyle Monk on Sept 18, 2018.
             Slain by an adder (4 damage)
             ... on level 2 of the Dungeon.
             The game lasted 00:04:02 (1241 turns).

Merlin the Skirmisher (Gargoyle Monk)               Turns: 1241, Time: 00:04:03

Health: 0/24       AC:  8    Str: 15    XL:     3   Next: 75%
Magic:  3/3        EV: 11    Int: 10    God:
Gold:   57         SH:  0    Dex: 12    Spells: 2/2 levels left

rFire    + . .     SeeInvis .   a - +0 mace
rCold    x . .     Gourm    .   (no shield)
rNeg     + . .     Faith    .   k - +0 ring mail
rPois    ∞         Spirit   .   (no helmet)
rElec    +         Reflect  .   (no cloak)
rCorr    .         Harm     .   (no gloves)
MR       .....                  (no boots)
Stlth    +.........             (no amulet)
HPRegen  0.08/turn              i - ring of fire (curse)
MPRegen  0.08/turn              (no ring)

@: no status effects
A: negative energy resistance 1, electricity resistance, unbreathing,
petrification resistance, rot immunity, AC +3
a: no special abilities


You were on level 2 of the Dungeon.
You were not hungry.

You visited 1 branch of the dungeon, and saw 2 of its levels.

You collected 57 gold pieces.

Inventory:

Hand Weapons
 a - a +0 mace (weapon)
Armour
 k - a +0 ring mail (worn)
Jewellery
 i - a cursed ring of fire (left hand)
Scrolls
 b - a scroll of enchant weapon {unknown}
 d - a scroll of fog {unknown}
 g - a scroll of remove curse
 m - a scroll of identify {unknown}
 o - a scroll of teleportation {unknown}
Potions
 e - a potion of flight {unknown}
 f - a potion of curing {unknown}
 h - 2 potions of brilliance {unknown}
 j - a potion of degeneration {unknown}
 l - a potion of might {unknown}
Comestibles
 c - 3 rations
 n - 5 chunks of flesh


   Skills:
 + Level 3.7 Fighting
 * Level 3.6 Maces & Flails
 + Level 0.3 Armour
 + Level 2.8 Dodging
 + Level 2.6 Stealth


You had 2 spell levels left.
You didn't know any spells.
Your spell library was empty.

Dungeon Overview and Level Annotations

Branches:
Dungeon (2/15)

Altars:
Yredelemnul


Innate Abilities, Weirdness & Mutations

You are resistant to torment.
Your stone body is resilient. (AC +3)
You are immune to poison.
You resist negative energy. (rN+)
You are resistant to electric shocks. (rElec)
You can survive without breathing.
You are immune to petrification.
You are immune to rotting.


Message History

The adder is severely wounded.
The adder bites you. x2
* * * LOW HITPOINT WARNING * * *
You hit the adder.
The adder is almost dead.
The adder barely misses you. The adder bites you but does no damage.
You closely miss the adder.
The adder is almost dead.
The adder bites you but does no damage.
You closely miss the adder.
The adder is almost dead.
The adder misses you. The adder bites you.
* * * LOW HITPOINT WARNING * * *
You miss the adder.
The adder is almost dead.
The adder bites you but does no damage.
You barely miss the adder.
The adder is almost dead.
The adder bites you.
You die...

....#######.####...#.
#..#.............###
###..#.#####.####...#.
#......# #.####.....
#.##.#..###
#.....#.#.# #.......#
####.## ..# #.......##
#.## ##.# #.##.##..##
##.###.## # #...S@.#
##.#.### ####..##
###..... #..# #...###.
...# .........# ##...
....#...###. ..#. ...
##.## #) .###. ## #.
#. .. #.####. .#.....


You could see an adder.

Vanquished Creatures
  An adder (D:2)
  An ooze (D:1)
  An adder zombie (D:1)
  A worm (D:2)
  A leopard gecko (D:2)
  A bat zombie (D:1)
  A giant cockroach (D:1)
  4 goblins
  4 hobgoblins
  4 kobolds
  3 bats (D:1)
  2 frilled lizards (D:1)
  5 rats
29 creatures vanquished.

Notes
Turn   | Place    | Note
-------+----------+-------------------------------------------
     0 | D:1      | Merlin the Gargoyle Monk began the quest for the Orb.
     0 | D:1      | Reached XP level 1. HP: 14/14 MP: 1/1
   363 | D:1      | Reached XP level 2. HP: 15/19 MP: 2/2
   684 | D:1      | Reached XP level 3. HP: 23/23 MP: 3/3
  1020 | D:2      | Found a basalt altar of Yredelemnul.
  1241 | D:2      | Slain by an adder

Vault maps used:
D:1:      saegor_arrival_fortress
D:2:      kennysheep_big_flooded_room, lemuel_doored_altar, first_ration,
          uniq_crazy_yiuf_cottage, uniq_robin

Action                   || total
-------------------------++-------
Melee: Mace              ||   128
  Use: Scroll            ||     1
 Stab: Sleeping          ||     1
  Eat: Chunk             ||     1
Armor: Robe              ||    12
       Ring mail         ||    39
       Leather armour    ||     5
Dodge: Dodged            ||    84

Table legend:
 A = Non-vault XP
 B = Vault XP
 C = Vault XP percentage of total XP
 D = Non-vault monster count
 E = Vault monster count
 F = Vault count percentage of total count
                 A         B        C        D         E       F
            +---------+---------+-------+---------+---------+-------
      Total |      61 |       9 |  12.9 |      26 |       3 |  10.3
            +---------+---------+-------+---------+---------+-------
        D:1 |      28 |       7 |  20.0 |      15 |       2 |  11.8
        D:2 |      33 |       2 |   5.7 |      11 |       1 |   8.3
            +---------+---------+-------+---------+---------+-------
